 Dungeon Crawl Stone Soup version 0.24.0-13-gcf9b319 (webtiles) character file.

Game seed: 2521469286020781468, levelgen mode: deterministic

1655 Fang the Skirmisher (level 9, -1/56 HPs)
             Began as a Gargoyle Berserker on Nov 26, 2019.
             Was an Elder of Trog.
             Slain by an ogre
             ... wielding a +0 giant club
              (4 damage)
             ... on level 5 of the Dungeon.
             The game lasted 00:06:29 (5010 turns).

Fang the Skirmisher (Gargoyle Berserker)            Turns: 5010, Time: 00:06:29

Health: -1/56      AC: 16    Str: 25    XL:     9   Next: 0%
Magic:  9/9        EV:  5    Int:  7    God:    Trog [****..]
Gold:   273        SH: 12    Dex:  9    Spells: 8/8 levels left

rFire    + . .     SeeInvis .   a - +0 hand axe
rCold    . . .     Gourm    .   w - +0 large shield (curse)
rNeg     + . .     Faith    .   b - +0 chain mail
rPois    ∞         Spirit   .   (no helmet)
rElec    +         Reflect  .   (no cloak)
rCorr    .         Harm     .   (no gloves)
MR       +....                  (no boots)
Stlth    ..........             (no amulet)
HPRegen  0.18/turn              e - ring of protection from magic
MPRegen  0.11/turn              y - ring of protection from fire

@: no status effects
A: negative energy resistance 1, electricity resistance, unbreathing,
petrification resistance, rot immunity, AC +6
a: Berserk, Trog's Hand, Brothers in Arms, Renounce Religion


You were on level 5 of the Dungeon.
You worshipped Trog.
Trog was greatly pleased with you.
You were not hungry.

You visited 1 branch of the dungeon, and saw 6 of its levels.
You also visited: Sewer.

You collected 273 gold pieces.

Inventory:

Hand Weapons
 a - a +0 hand axe (weapon)
Armour
 b - a +0 chain mail (worn)
 w - a cursed +0 large shield (worn)
Jewellery
 e - a ring of protection from magic (left hand)
 y - a ring of protection from fire (right hand)
Wands
 v - a wand of enslavement (7)
 x - a wand of disintegration (16)
 z - a wand of paralysis (7)
Scrolls
 d - a scroll of amnesia {unknown}
 f - a scroll of enchant weapon {unknown}
 h - 2 scrolls of fog {unknown}
 j - a scroll of noise {unknown}
 k - 2 scrolls of magic mapping {unknown}
 m - a scroll of remove curse {unknown}
 n - 7 scrolls of identify {unknown}
 q - a scroll of enchant armour {unknown}
 t - 2 scrolls of teleportation {unknown}
 u - 3 scrolls of fear {unknown}
Potions
 g - 2 potions of brilliance {unknown}
 i - 3 potions of curing {unknown}
 l - 5 potions of degeneration {unknown}
 o - 2 potions of heal wounds {unknown}
 p - a potion of invisibility {unknown}
 r - 2 potions of mutation {unknown}
 s - a potion of resistance {unknown}
Comestibles
 c - 7 rations


   Skills:
 + Level 6.9 Fighting
 + Level 5.7 Axes
 + Level 6.4 Armour
 + Level 4.8 Dodging


You had 8 spell levels left.
You didn't know any spells.
Your spell library was empty.

Dungeon Overview and Level Annotations

Branches:
Dungeon (6/15)              Sewer (visited)
 Temple: D:4-7

Altars:
Dithmenos
Elyvilon
Kikubaaqudgha
Nemelex Xobeh
Okawaru
Ru
Sif Muna
Zin

Shops:
D:4 :


Innate Abilities, Weirdness & Mutations

You are resistant to torment.
Your stone body is resilient. (AC +6)
You are immune to poison.
You resist negative energy. (rN+)
You are resistant to electric shocks. (rElec)
You can survive without breathing.
You are immune to petrification.
You are immune to rotting.


Message History

The ogre hits you with a +0 giant club.
Your unstable footing causes you to fumble your attack.
You block the ogre's attack.
You hit the ogre.
The ogre is almost dead.
The ogre hits you with a +0 giant club!
* * * LOW HITPOINT WARNING * * *
You hit the ogre but do no damage.
The ogre is almost dead.
You block the ogre's attack.
Your unstable footing causes you to fumble your attack.
The ogre hits you with a +0 giant club!
* * * LOW HITPOINT WARNING * * *
Your shield and chain mail prevent you from hitting the ogre.
The ogre is almost dead.
You block the ogre's attack.
You're too hungry.
You eat one of the 8 rations.
That ration really hit the spot!
The ogre hits you with a +0 giant club.
You die...

≈≈≈♣♣♣≈.≈♣♣♣≈.≈♣♣
≈≈≈≈.≈≈≈≈≈≈≈≈≈≈≈.≈≈≈≈
.≈≈..≈≈≈.≈...≈≈≈≈.≈≈≈
≈≈≈≈≈≈≈≈≈≈≈≈≈≈≈≈≈≈≈
♣≈.≈♣♣♣≈.≈♣♣♣≈≈≈♣♣ ♣≈.≈♣
♣≈≈≈♣ ≈.≈♣
≈≈♣♣♣≈≈≈♣♣♣≈.≈♣♣♣≈.≈♣♣♣≈
≈≈≈≈≈≈≈≈≈≈≈≈.≈≈≈≈≈.≈≈≈≈≈
≈≈...≈≈)))≈.≈..O@≈?≈≈≈≈≈
≈≈≈≈≈≈.≈≈≈≈≈≈≈≈≈≈≈.≈≈≈≈≈
≈≈♣♣♣≈≈≈♣♣♣≈.≈♣♣♣≈.≈♣♣♣≈
♣≈≈≈♣ ♣≈.≈♣ ≈≈≈♣ ♣≈≈≈♣
♣≈≈≈♣ ≈≈≈♣ ≈≈≈≈≈≈≈≈≈≈≈≈≈
≈≈≈≈≈
.≈..≈...≈≈≈...≈.≈≈≈≈.
..................###


You could see an ogre.

Vanquished Creatures
  A sky beast (D:5)
  4 ogres
  3 phantoms
  2 centaurs (D:5)
  A crocodile (Sewer)
  A bullfrog (D:6)
  A crimson imp (D:5)
  2 hounds
  An orc priest (D:2)
  3 orc wizards
  Jessica (D:3)
  An iguana (D:5)
  Natasha (thrice) (D:3)
  5 worker ants
  3 gnolls (D:5)
  10 adders
  3 worms
  4 dart slugs
  8 orcs
  3 giant cockroaches
  8 goblins
  6 hobgoblins
  8 jackals
  A quokka (D:4)
  A ball python (D:1)
  9 bats
  3 frilled lizards
  11 kobolds
  A quokka skeleton (D:4)
  8 rats
116 creatures vanquished.

Notes
Turn   | Place    | Note
-------+----------+-------------------------------------------
     0 | D:1      | Fang the Gargoyle Berserker began the quest for the Orb.
     0 | D:1      | Reached XP level 1. HP: 14/14 MP: 1/1
    81 | D:1      | Reached XP level 2. HP: 16/19 MP: 2/2
   341 | D:1      | Reached ** piety under Trog
   463 | D:2      | Reached XP level 3. HP: 24/24 MP: 3/3
   503 | D:2      | Reached XP level 4. HP: 29/29 MP: 4/4
   996 | D:2      | Reached XP level 5. HP: 33/33 MP: 5/5
  1799 | D:3      | Reached *** piety under Trog
  1945 | D:3      | Noticed Natasha
  1950 | D:3      | Killed Natasha
  1961 | D:3      | Found a glowing drain.
  1966 | D:3      | Noticed Jessica
  1998 | Sewer    | Entered a sewer
  2060 | Sewer    | Noticed a crocodile
  2066 | Sewer    | Killed a crocodile
  2066 | Sewer    | Reached XP level 6. HP: 39/39 MP: 6/6
  2166 | D:3      | Killed Jessica
  2289 | D:3      | Noticed Natasha
  2305 | D:3      | Killed Natasha
  2500 | D:3      | Noticed Natasha
  2506 | D:3      | Killed Natasha
  2529 | D:4      | Found a shimmering blue altar of Sif Muna.
  2592 | D:4      | Reached skill level 5 in Fighting
  2666 | D:4      | Reached XP level 7. HP: 44/44 MP: 7/7
  2909 | D:4      | Found Koogris's Book Boutique.
  3435 | D:4      | Found a glowing silver altar of Zin.
  3435 | D:4      | Found an iron altar of Okawaru.
  3435 | D:4      | Found a sacrificial altar of Ru.
  3435 | D:4      | Found an ancient bone altar of Kikubaaqudgha.
  3442 | D:4      | Found a white marble altar of Elyvilon.
  3442 | D:4      | Found a sparkling altar of Nemelex Xobeh.
  3505 | D:4      | Reached skill level 5 in Armour
  3550 | D:5      | Entered Level 5 of the Dungeon
  3555 | D:6      | Found an ancient bone altar of Kikubaaqudgha.
  3567 | D:6      | Found a shadowy altar of Dithmenos.
  3747 | D:6      | Reached XP level 8. HP: 50/51 MP: 8/8
  3921 | D:5      | Reached skill level 5 in Axes
  4238 | D:5      | Reached **** piety under Trog
  4971 | D:5      | Reached XP level 9. HP: 34/56 MP: 9/9
  5007 | D:5      | HP: 2/56 [ogre/+0 giant club (12)]
  5010 | D:5      | Slain by an ogre

Levels and vault maps discovered:
D:1:      minmay_arrival_pointy, layout_rooms
D:2:      layout_basic, minmay_octomino_e4
D:3:      layout_basic, gup_sewer_entry_glass, uniq_natasha, uniq_jessica
D:4:      layout_loops_ring, minmay_overflow_temple_hex, serial_shops,
          nicolae_shop_waterfront, first_ration, led_sif_book
D:5:      layout_loops_ring, lemuel_round_altar, kennysheep_boxes
D:6:      layout_cave_pods, overflow_temple_1_default, kennysheep_mini,
          nicolae_dithmenos_shadow_blocks, basic_altar, uniq_blork_the_orc

Skill      XL: |  1  2  3  4  5  6  7  8 |
---------------+-------------------------+-----
Axes           | 3 4 5 |  5.7
Dodging        | 2 3 4 |  4.8
Fighting       | 4 5 6 |  6.9
Armour         | 3 4 5 6 |  6.4

Action                   |  1- 3 |  4- 6 |  7- 9 || total
-------------------------+-------+-------+-------++-------
Melee: Hand axe          |    51 |   250 |   442 ||   743
Invok: Berserk           |     1 |     3 |     5 ||     9
       Trog's Hand       |     1 |       |     1 ||     2
  Eat: Chunk             |       |    10 |    12 ||    22
       Ration            |       |       |     1 ||     1
Armor: Animal skin       |    19 |     8 |       ||    27
       Chain mail        |       |   168 |   241 ||   409
Dodge: Dodged            |    40 |   147 |    74 ||   261
Block: Large shield      |       |     2 |   269 ||   271
